 Dungeon Sprint DCSS version 0.21.1-1-g345015fe64 (webtiles) character file.

1500000 Jannitor the Imperceptible (level 17, -76/153 HPs)
             Began as a Formicid Air Elementalist on June 28, 2018.
             Was a Believer of Makhleb.
             Annihilated by a destroyer
             ... wielding a +9 great sword of slicing
              (126 damage)
             ... in the Dungeon (Sprint VIII: "Arena of Blood").
             The game lasted 00:00:58 (15 turns).

Jannitor the Imperceptible (FoAE)                     Turns: 15, Time: 00:00:59

Health: -76/153    AC:  3    Str: 14    XL:     17   Next: 72%
Magic:  6/34       EV: 28    Int: 16    God:    Makhleb [**....]
Gold:   0          SH:  0    Dex: 16    Spells: 39/42 levels left

rFire    . . .     SeeInvis +   j - +∞ Axe of Woe
rCold    . . .     Gourm    .   (no shield)
rNeg     . . .     Faith    .   a - +0 robe
rPois    .         Spirit   .   (helmet unavailable)
rElec    .         Reflect  .   (no cloak)
rCorr    .         Harm     .   (no gloves)
MR       +....                  (no boots)
Stlth    +++++++++.             (no amulet)
HPRegen  0.35/turn              (no ring)
MPRegen  0.24/turn              (no ring)

@: no status effects
A: permanent stasis, dig shafts and tunnels, four strong arms, antennae 3
a: Dig, Minor Destruction, Renounce Religion


You were in the Dungeon.
You worshipped Makhleb.
Makhleb was pleased with you.
You were not hungry.

You visited 1 branch

Inventory:

Hand Weapons
 j - the +∞ Axe of Woe (weapon)
   (You found it in the Dungeon)
Armour
 a - a +0 robe (worn)
Scrolls
 i - a scroll of blinking
Potions
 d - a potion of curing
 e - a potion of heal wounds
 f - a potion of haste
 g - 2 potions of magic
 h - a potion of berserk rage
Books
 b - a book of Air

   Spells                             Type                      Level
   a - Shock                          Conjuration/Air              1
   b - Swiftness                      Charms/Air                   2
   c - Static Discharge               Conjuration/Air              3
   d - Airstrike                      Air                          4
   e - Lightning Bolt                 Conjuration/Air              5
Comestibles
 c - a ration


   Skills:
 + Level 19.2 Fighting
 + Level 17.9 Axes
 + Level 19.2 Armour
 + Level 19.7 Dodging
 + Level 26.0 Stealth
 - Level 13.3 Spellcasting
 - Level 12.2 Conjurations
 - Level 11.6 Air Magic
 + Level 20.6 Invocations


You had 39 spell levels left.
You knew the following spells:

 Your Spells              Type           Power        Failure   Level  Hunger
a - Shock                 Conj/Air       ####         1%          1    None
b - Swiftness             Chrm/Air       ####....     1%          2    None


Dungeon Overview and Level Annotations

Branches:
Dungeon (1/1)

Altars:
Makhleb


Innate Abilities, Weirdness & Mutations

You cannot be hasted, slowed, berserked, paralysed or teleported.
You can dig through walls and to a lower floor.
Your four strong arms can wield two-handed weapons with a shield.
You have a pair of large antennae on your head. (SInv)


Message History

The meat berserker hits you with a +9 battleaxe!!
You hear a shout! x4
The bag of meat appears out of thin air!
A bag of meat comes into view.
It is wielding a +9 war axe. 4 orcs come into view.
There isn't anything here! 2 ogres come into view.
The meat berserker shouts!
You hear a shout!
The meat berserker shouts!
You hear a shout! x2
The bag of meat hits you with a +9 war axe!!
The destroyer blinks!
The bag of meat hits you with a +9 war axe!!
The bag of meat hits you with a +9 war axe!
You hear a shout!
The bag of meat moves out of view.
The bag of meat hits you with a +9 war axe!
You hear a shout! x4
The destroyer hits you with a +9 great sword of slicing!!!!
Ouch! That really hurt!
You die...

..... ..o.. .........
...o... {{#...o...#
....... { #....oo.#
..o.... .###..
....###..o....
......###..o§.o.o....
......_...o.O.......
#.....#oVOo...#.#
#_.<)_..o@o...§o.
#.....#.oV...#.#.
......_........o....
......###.........#O#
.###.. ....###.......
{ #.......# .......
#. .....# ...O...
......... .......


You could see 2 destroyers, 4 meat berserkers and 17 bags of meat.

Vanquished Creatures
  4 ogres (D)
  2 orcs (D)
6 creatures vanquished.

Notes
Turn   | Place    | Note
-------+----------+-------------------------------------------
     0 | D        | Found the +∞ Axe of Woe
     0 | D        | Jannitor the Formicid Air Elementalist began the quest for the Orb.
     0 | D        | Reached XP level 1. HP: 13/13 MP: 3/3
     4 | D        | Became a worshipper of Makhleb the Destroyer
     5 | D        | Noticed a bag of meat
     5 | D        | Killed a bag of meat
     5 | D        | Reached skill level 16 in Stealth
     5 | D        | Reached XP level 2. HP: 19/19 MP: 3/16
     5 | D        | Reached XP level 3. HP: 24/24 MP: 3/17
     5 | D        | Reached XP level 4. HP: 30/30 MP: 3/19
     5 | D        | Reached XP level 5. HP: 35/35 MP: 3/20
     5 | D        | Reached XP level 6. HP: 41/41 MP: 3/22
     5 | D        | Reached XP level 7. HP: 46/46 MP: 3/23
     5 | D        | Reached XP level 8. HP: 52/52 MP: 3/25
     5 | D        | Reached XP level 9. HP: 57/57 MP: 3/26
     5 | D        | Reached XP level 10. HP: 63/63 MP: 3/27
     5 | D        | Reached XP level 11. HP: 68/68 MP: 3/28
     5 | D        | Reached XP level 12. HP: 74/74 MP: 3/29
     9 | D        | Learned a level 2 spell: Swiftness
     9 | D        | Noticed a bag of meat
     9 | D        | Noticed a meat berserker
    10 | D        | Noticed a bag of meat
    10 | D        | Noticed a meat berserker
    11 | D        | Noticed a bag of meat
    11 | D        | Noticed a bag of meat
    11 | D        | Noticed a bag of meat
    11 | D        | Noticed a bag of meat
    11 | D        | Noticed a meat berserker
    12 | D        | Noticed a meat berserker
    12 | D        | Noticed a meat berserker
    12 | D        | Noticed a bag of meat
    12 | D        | Killed a meat berserker
    12 | D        | Reached * piety under Makhleb
    12 | D        | Reached skill level 10 in Axes
    12 | D        | Reached skill level 20 in Stealth
    12 | D        | Reached XP level 13. HP: 106/106 MP: 4/30
    12 | D        | Reached XP level 14. HP: 113/113 MP: 4/31
    12 | D        | Noticed a bag of meat
    13 | D        | Noticed a bag of meat
    13 | D        | Noticed a bag of meat
    13 | D        | Noticed a destroyer
    13 | D        | Noticed a meat berserker
    13 | D        | Noticed a bag of meat
    13 | D        | Killed a meat berserker
    13 | D        | Reached skill level 22 in Stealth
    13 | D        | Reached skill level 15 in Invocations
    13 | D        | Reached XP level 15. HP: 126/126 MP: 5/32
    14 | D        | Noticed a destroyer
    14 | D        | Killed a meat berserker
    14 | D        | Reached skill level 15 in Axes
    14 | D        | Reached skill level 23 in Stealth
    14 | D        | Reached XP level 16. HP: 123/139 MP: 5/33
    14 | D        | Killed a meat berserker
    14 | D        | Reached ** piety under Makhleb
    14 | D        | Reached skill level 25 in Stealth
    14 | D        | Reached XP level 17. HP: 134/151 MP: 5/34
    14 | D        | Reached skill level 26 in Stealth
    15 | D        | Noticed a meat berserker
    15 | D        | Noticed a meat berserker
    15 | D        | Annihilated by a destroyer

Skill      XL: |  1  2  3  4  5  6  7  8  9 10 11 12 13 14 15 16 17 |
---------------+----------------------------------------------------+-----
Dodging        | 12 14 16 17 19 | 19.7
Stealth        | 16 20 22 23 25 26 | 26.0
Spellcasting   | 13 | 13.3
Conjurations   | 12 | 12.2
Air Magic      | 11 | 11.6
Fighting       | 11 14 16 18 19 | 19.2
Axes           | 10 13 15 17 | 17.9
Armour         | 11 14 16 18 19 | 19.2
Invocations    | 12 15 17 19 20 | 20.6

Action                   |  1- 3 |  4- 6 |  7- 9 | 10-12 | 13-15 | 16-18 || total
-------------------------+-------+-------+-------+-------+-------+-------++-------
Melee: Executioner's axe |     1 |       |       |     1 |     2 |       ||     4
 Abil: Dig               |       |       |       |     1 |       |       ||     1
